 Dungeon Crawl Stone Soup version 0.28.0 (webtiles) character file.

Game seed: 10790335845430440113

428 horus123 the Chiller (level 6, -1/41 (51) HPs)
             Began as a Draconian Ice Elementalist on Feb 19, 2022.
             Slain by a wight (3 damage)
             ... on level 4 of the Dungeon.
             The game lasted 00:10:55 (3295 turns).

horus123 the Chiller (Draconian Ice Elementalist)   Turns: 3295, Time: 00:10:57

HP:   -1/41 (51)    AC: 14    Str: 11    XL:     6   Next: 65%
MP:   5/12          EV: 12    Int: 17    God:
Gold: 136           SH:  0    Dex: 11    Spells: 2/13 levels left

rFire   . . .      SeeInvis .   a - +0 halberd
rCold   . . .      Faith    .   (shield currently unavailable)
rNeg    . . .      Spirit   .   (armour unavailable)
rPois   +          Reflect  .   (helmet restricted)
rElec   .          Harm     .   (no cloak)
rCorr   .          Rampage  .   i - +0 pair of gloves
Will    .....      Clarity  +   (no boots)
Stlth   ++........              (no amulet)
HPRegen 0.13/turn               e - ring of flight
MPRegen 0.13/turn               l - ring of poison resistance

@: ice-armoured, freezing walls, flying, heavily drained
A: AC +6, unfitting armour, cold-blooded, antennae 1, clarity
a: no special abilities


You were on level 4 of the Dungeon.
You visited 1 branch of the dungeon, and saw 4 of its levels.

You collected 136 gold pieces.

Inventory:

Hand Weapons
 a - a +0 halberd (weapon)
Armour
 i - a +0 pair of gloves (worn)
Magical Staves
 k - a staff of fire
Jewellery
 e - a ring of flight (left hand)
 f - a ring of fire
 l - a ring of poison resistance (right hand)
Potions
 b - a potion of resistance
 c - a potion of flight
 d - a potion of lignification
 h - a potion of curing
 j - a potion of degeneration {unknown}
 n - a potion of heal wounds {unknown}


   Skills:
 + Level 3.0 Fighting
 - Level 1.7 Dodging
 - Level 1.7 Stealth
 - Level 4.0 Spellcasting
 - Level 6.3 Ice Magic


You had 2 spell levels left.
You knew the following spells:

 Your Spells              Type           Power      Damage    Failure   Level
a - Freeze                Ice            100%       1d11      1%          1
b - Frozen Ramparts       Ice            50%        1d7       3%          3
c - Ozocubu's Armour      Ice            25%        N/A       3%          3
d - Hailstorm             Conj/Ice       14%        3d5       38%         4

Your spell library contained the following spells:

 Spells                   Type           Power      Damage    Failure   Level
 Ice Form                 Ice/Tmut       14%        N/A       38%         4
 Summon Ice Beast         Ice/Summ       14%        N/A       38%         4
 Ozocubu's Refrigeration  Ice            12%        4d7       100%        7


Dungeon Overview and Level Annotations

Branches:
Dungeon (4/15)
 Temple: D:4-7

Altars:
Ru

Shops:
D:2 (*:   D:4 [

Annotations:
D:2 Natasha


Innate Abilities, Weirdness & Mutations

Your plain brown scales are hard. (AC +6)
You cannot fit into any form of body armour.
You are cold-blooded and may be slowed by cold attacks.
You have a pair of small antennae on your head.
You possess an exceptional clarity of mind.


Message History

The wight hits you but does no damage.
The wight completely resists.
The wall freezes the wight but does no damage.
The wight closely misses you.
The wight completely resists.
The wall freezes the wight but does no damage.
The wight misses you.
It was a potion of curing.
You feel better.
You feel yourself speed up.
The wight completely resists.
The wall freezes the wight but does no damage.
The wight closely misses you.
The wight resists.
The wall freezes the wight.
The wight misses you.
The wight resists.
The wall freezes the wight.
The wight hits you with a +0 dagger.
You feel drained.
The wight completely resists.
The wall freezes the wight but does no damage.
The wight hits you but does no damage.
The wight resists.
The wall freezes the wight.
The wight closely misses you.
You closely miss the wight.
The wight is severely damaged.
The wight completely resists.
The wall freezes the wight but does no damage.
The wight hits you but does no damage.
The wight completely resists.
The wall freezes the wight but does no damage.
The wight hits you but does no damage.
The wight resists.
The wall freezes the wight.
The wight barely misses you.
The wight resists.
The wall freezes the wight.
The wight hits you with a +0 dagger.
* * * LOW HITPOINT WARNING * * *
Unknown command.
You barely miss the wight.
The wight is severely damaged.
The wight resists.
The wall freezes the wight.
The wight hits you but does no damage.
The wight resists.
The wall freezes the wight.
The wight misses you.
The wight completely resists.
The wall freezes the wight but does no damage.
The wight misses you.
The wight completely resists.
The wall freezes the wight but does no damage.
The wight hits you but does no damage.
The wight resists.
The wall freezes the wight.
The wight hits you with a +0 battleaxe!
* * * LOW HITPOINT WARNING * * *
You feel drained.
You die...

# ##### # #.@z# #
#z#z# # #.#.# ###
#.#.# ########..
#∩#.## ##..#..#...
#.≈..## .......<...
#.≈...####.....##..
#<##....##)##......
#.#.#..............


You could see 3 wights.

Vanquished Creatures
  An ogre (D:4)
  A necrophage (D:4)
  A wight (D:4)
  Natasha (D:2)
  A howler monkey zombie (D:4)
  7 adders
  4 gnolls (D:2)
  A worm (D:3)
  3 dart slugs
  3 orcs
  6 bats
  6 endoplasms
  8 goblins
  7 hobgoblins
  4 quokkas
  8 ball pythons
  2 frilled lizards
  3 kobolds
  3 rats
70 creatures vanquished.

Vanquished Creatures (others)
  3 plants (D:1)
3 creatures vanquished.

Grand Total: 73 creatures vanquished

Notes
Turn   | Place    | Note
-------+----------+-------------------------------------------
     0 | D:1      | horus123 the Draconian Ice Elementalist began the quest for
                  | the Orb.
     0 | D:1      | Reached XP level 1. HP: 14/14 MP: 3/3
   191 | D:1      | Reached XP level 2. HP: 20/20 MP: 0/5
   891 | D:2      | Reached XP level 3. HP: 26/26 MP: 5/8
  1024 | D:1      | Learned a level 3 spell: Frozen Ramparts
  1028 | D:1      | Learned a level 3 spell: Ozocubu's Armour
  1083 | D:2      | Found a faded altar of an unknown god.
  1121 | D:2      | Found Mumooteps's General Store.
  1176 | D:2      | Found Gamig's Weapon Emporium.
  1339 | D:2      | Reached XP level 4. HP: 31/33 MP: 5/10
  1393 | D:2      | Found Niqud's Book Shoppe.
  1399 | D:2      | Learned a level 4 spell: Hailstorm
  1402 | D:2      | Noticed Natasha
  1531 | D:2      | Killed Natasha
  1578 | D:2      | Found a sacrificial altar of Ru.
  1750 | D:2      | Noticed Natasha
  1905 | D:2      | Reached skill level 5 in Ice Magic
  1905 | D:2      | Reached XP level 5. HP: 15/38 MP: 7/11
  2619 | D:4      | Noticed an ogre
  2634 | D:4      | Killed an ogre
  2635 | D:4      | Reached skill level 6 in Ice Magic
  2635 | D:4      | Reached XP level 6. HP: 27/45 MP: 2/12
  2848 | D:4      | Identified the +8 mace of Balance {freeze, rElec rF+ Int-3}
  3168 | D:4      | Found Soapso's Armour Boutique.
  3292 | D:4      | Gained mutation: You possess an exceptional clarity of
                  | mind. [potion of mutation]
  3292 | D:4      | Gained mutation: You have a pair of small antennae on your
                  | head. [potion of mutation]
  3295 | D:4      | HP: 2/43 [wight (8)]
  3295 | D:4      | Slain by a wight

Illustrated notes

Levels and vault maps discovered:
D:1:      eino_arrival_tree_alley, layout_rooms, minivault_27,
          kennysheep_crisscross
D:2:      layout_basic, basic_ecumenical_altar, basic_altar, serial_shops, shop,
          nicolae_shop_bloodbath_and_beyond, nicolae_shop_waterfront,
          uniq_natasha
D:3:      layout_basic
D:4:      layout_cave_pools, serial_shops, nicolae_shop_hallway_stairs,
          minmay_stone_trees_small

Skill      XL: |  1  2  3  4  5  6 |
---------------+-------------------+-----
Spellcasting   | 3 4 |  4.0
Ice Magic      | 5 6 |  6.3
Fighting       | 3 |  3.0
Dodging        | |  1.7
Stealth        | |  1.7

Action                   |  1- 3 |  4- 6 || total
-------------------------+-------+-------++-------
Melee: Unarmed           |     2 |       ||     2
       Dagger            |     5 |     1 ||     6
       Mace              |       |     2 ||     2
       Halberd           |       |    65 ||    65
       Tailslap          |       |     6 ||     6
 Cast: Freeze            |    50 |    44 ||    94
       Frozen Ramparts   |       |     6 ||     6
       Ozocubu's Armour  |       |     4 ||     4
  Use: Scroll            |     2 |     3 ||     5
       Potion            |       |     2 ||     2
 Stab: Sleeping          |     4 |     2 ||     6
Armor: Skin              |    16 |    33 ||    49
Dodge: Dodged            |    31 |    68 ||    99
